 Dungeon Sprint DCSS version 0.20.1-1-g8b1a95d (console) character file.

139 bli the Fighter (level 5, -2/51 HPs)
             Began as a Merfolk Abyssal Knight on Aug 15, 2017.
             Was a Priest of Lugonu.
             Slain by a demonic crawler (6 damage)
             ... in the Dungeon (Sprint VII: "The Pits").
             The game lasted 00:02:48 (860 turns).

bli the Fighter (Merfolk Abyssal Knight)             Turns: 860, Time: 00:02:49

Health: -2/51      AC:  3    Str: 12    XL:     5   Next: 22%
Magic:  5/6        EV: 14    Int: 11    God:    Lugonu [***...]
Gold:   0          SH:  0    Dex: 15    Spells: 4/4 levels left

rFire    . . .     SeeInvis .   a - +2 trident (flame)
rCold    . . .     Gourm    .   (no shield)
rNeg     . . .     Faith    .   j - +0 leather armour
rPois    .         Spirit   .   (no helmet)
rElec    .         Reflect  .   (no cloak)
rCorr    .         Harm     .   (no gloves)
MR       .....     NoTele   +   (no boots)
Stlth    +.........             (no amulet)
Regen    0.2/turn               (no ring)
MPRegen  0.1/turn               (no ring)

@: no status effects
A: change form in water, swift swim, stealthy swim
a: Bend Space, Banish, Renounce Religion


You were in the Dungeon.
You worshipped Lugonu.
Lugonu was most pleased with you.
You were not hungry.

You visited 1 branch

Inventory:

Hand Weapons
 a - a +2 trident of flaming (weapon)
 b - a +1 trident of piercing
 r - a +1 spear
Armour
 j - a +0 leather armour (worn)
Scrolls
 i - a scroll of blinking
 l - 3 scrolls of remove curse
 m - 5 scrolls of amnesia
 n - a scroll of summoning
 o - 2 scrolls of vulnerability
Potions
 d - 6 potions of curing
 e - 6 potions of heal wounds
 f - a potion of haste
 g - 4 potions of magic
 h - 2 potions of berserk rage
 k - 2 potions of invisibility
Comestibles
 c - 8 bread rations
 p - 40 fruits
 q - 7 meat rations


   Skills:
 * Level 8.6 Fighting
 * Level 7.5 Polearms
 + Level 2.1 Armour
 * Level 5.3 Dodging
 + Level 0.2 Stealth
 + Level 2.4 Invocations


You had 4 spell levels left.
You didn't know any spells.

Dungeon Overview and Level Annotations

Branches:
Dungeon (1/1)

Altars:
Ashenzari
Cheibriados
Dithmenos
Elyvilon
Fedhas
Gozag
Hepliaklqana
Kikubaaqudgha
Makhleb
Nemelex Xobeh
Okawaru
Qazlal
Ru
Sif Muna
Trog
Uskayaw
Vehumet
Xom
Yredelemnul
Zin
The Shining One
Beogh
Jiyva
Lugonu


Message History

Attack whom?
Press: ? - help, Dir - move target cursor, f/p - gnoll sergeant
Aim: a gnoll sergeant, wielding a spear, wearing a scale mail and wearing a shield (moderately wounded)
You reach to attack!
You hit the gnoll sergeant. You burn the gnoll sergeant.
The gnoll sergeant is heavily wounded.
The gnoll sergeant hits you from afar with a spear!
* * * LOW HITPOINT WARNING * * *
There is an open door to the Storerooms (Easy) here.
Attack whom?
Press: ? - help, Dir - move target cursor, f - demonic crawler, p - gnoll sergeant
Aim: a demonic crawler (clinging)
You reach to attack!
You hit the demonic crawler.
The demonic crawler is lightly wounded.
The demonic crawler closely misses you. The demonic crawler misses you.
The demonic crawler hits you!
* * * LOW HITPOINT WARNING * * *
Space bends around you!
You blink.
You hit the demonic crawler but do no damage.
The demonic crawler is lightly wounded.
The demonic crawler hits you.
You die...

############
#_________.#
#_________.#
#__.____...###########+
##########'##..........
#..(.')))'.##......#..#
##########.##g.........
#........g.g'gg........
#'#####s#####o.....#..#
#.#..#@..'.##.........g
#.#..#...#.#####'#####'
#.#..#####.##.......##'
#.#..'...#.##.......##.
#.#.)'..)'.##.......##g
#.#..########...<...###
#.#..'.)).[##.......# #
#.#..#.)))[##.......#
#+###########.......# .
##########. #.


You could see a demonic crawler and a gnoll sergeant.

Vanquished Creatures
  A floating eye (D)
  3 river rats (D)
  An ufetubus (D)
  A leopard gecko (D)
  An orc (D)
  A bat skeleton (D)
  A goblin (D)
9 creatures vanquished.

Notes
Turn   | Place    | Note
-------+----------+-------------------------------------------
     0 | D        | bli the Merfolk Abyssal Knight began the quest for the Orb.
     0 | D        | Reached XP level 1. HP: 18/18 MP: 2/2
    53 | D        | Reached ** piety under Lugonu
    53 | D        | Reached skill level 5 in Fighting
    53 | D        | Reached XP level 2. HP: 11/27 MP: 3/3
   256 | D        | Reached skill level 6 in Fighting
   256 | D        | Reached skill level 1 in Armour
   256 | D        | Reached XP level 3. HP: 10/34 MP: 4/4
   467 | D        | Noticed a floating eye
   471 | D        | Paralysed by a floating eye for 4 turns
   477 | D        | Killed a floating eye
   477 | D        | Reached skill level 8 in Fighting
   477 | D        | Reached skill level 5 in Dodging
   477 | D        | Reached XP level 4. HP: 9/45 MP: 5/5
   477 | D        | Reached XP level 5. HP: 10/50 MP: 6/6
   478 | D        | Reached *** piety under Lugonu
   484 | D        | HP: 2/76 [river rat (9)]
   802 | D        | Found a bloodstained altar of Trog.
   802 | D        | Found a deep blue altar of Sif Muna.
   802 | D        | Found a viscous altar of Jiyva.
   802 | D        | Found a hazy altar of Hepliaklqana.
   802 | D        | Found an opulent altar of Gozag.
   803 | D        | Found a glowing golden altar of the Shining One.
   803 | D        | Found a glowing silver altar of Zin.
   803 | D        | Found a basalt altar of Yredelemnul.
   803 | D        | Found a shimmering altar of Xom.
   803 | D        | Found a sacrificial altar of Ru.
   803 | D        | Found a stormy altar of Qazlal.
   803 | D        | Found an iron altar of Okawaru.
   803 | D        | Found a sparkling altar of Nemelex Xobeh.
   803 | D        | Found a burning altar of Makhleb.
   803 | D        | Found a blossoming altar of Fedhas.
   803 | D        | Found a white marble altar of Elyvilon.
   803 | D        | Found a shadowy altar of Dithmenos.
   803 | D        | Found a snail-covered altar of Cheibriados.
   804 | D        | Found a radiant altar of Vehumet.
   804 | D        | Found a corrupted altar of Lugonu.
   804 | D        | Found a roughly hewn altar of Beogh.
   805 | D        | Found a hide-covered altar of Uskayaw.
   805 | D        | Found an ancient bone altar of Kikubaaqudgha.
   805 | D        | Found a shattered altar of Ashenzari.
   832 | D        | Noticed a demonic crawler
   860 | D        | Slain by a demonic crawler

Skill      XL: |  1  2  3  4  5 |
---------------+----------------+-----
Dodging        | 3 5 |  5.3
Fighting       | 5 6 8 |  8.6
Armour         | 1 2 |  2.1
Polearms       | 7 |  7.5
Stealth        | |  0.2
Invocations    | |  2.4

Action                   |  1- 3 |  4- 6 || total
-------------------------+-------+-------++-------
Melee: Trident           |    16 |    20 ||    36
       Spear             |     5 |       ||     5
Invok: Bend Space        |       |     1 ||     1
  Use: Potion            |     1 |       ||     1
Armor: Leather armour    |    11 |     2 ||    13
Dodge: Dodged            |    23 |    16 ||    39
